 Dungeon Sprint DCSS version 0.26-a0-660-gc07710193c (webtiles) character file.

Game seed: 2643777423178424828

67888 rocky1 the Hoplite (level 14, -4/146 HPs)
             Began as a Minotaur Fighter on Oct 8, 2020.
             Was the Champion of Cheibriados.
             Killed by divine providence
             ... invoked by a daeva
              (15 damage)
             ... in the Dungeon (Sprint VII: "The Pits").
             The game lasted 00:19:17 (5647 turns).

rocky1 the Hoplite (Minotaur Fighter)               Turns: 5647, Time: 00:19:18

Health: -4/146     AC: 17    Str: 40    XL:     14   Next: 84%
Magic:  19/34      EV: 30    Int: 21    God:    Cheibriados [******]
Gold:   51         SH: 29    Dex: 28    Spells: 13/13 levels left

rFire    . . .     SeeInvis .   i - +1 broad axe (vorpal)
rCold    + . .     Faith    .   g - +1 tower shield
rNeg     + . .     Spirit   .   b - +3 ring mail of Forking Paths {MP+9 Slay+2}
rPois    .         Reflect  .   (helmet restricted)
rElec    .         Harm     .   y - +1 cloak {Stlth+}
rCorr    .         Rampage  .   f - +0 pair of gloves {Dex+3}
MR       +....     NoTele   +   (no boots)
Stlth    ++........             (no amulet)
HPRegen  0.34/turn              q - ring of positive energy
MPRegen  0.24/turn              z - ring of protection from cold

@: lethally poisoned (-4 -> -21), very slow
A: retaliatory headbutt, horns 2
a: Bend Time, Temporal Distortion, Slouch, Step From Time, Renounce Religion


You were in the Dungeon.
You worshipped Cheibriados.
Cheibriados was exalted by your worship.
You visited 1 branch You collected 51 gold pieces.

Inventory:

Hand Weapons
 a - the +8 falchion of Baas {freeze, Str+4}
   (You found it in the Dungeon)

   It has been specially enchanted to freeze those struck by it, causing extra
   injury to most foes and up to half again as much damage against particularly
   susceptible opponents.
   It can also slow down cold-blooded creatures.
   It affects your strength (+4).
 i - a +1 vorpal broad axe (weapon)
 o - a +2 scimitar of flaming
 p - a +5 double sword of holy wrath
Armour
 b - the +3 ring mail of Forking Paths (worn) {MP+9 Slay+2}
   (You found it in the Dungeon)

   It affects your accuracy and damage with ranged weapons and melee attacks
   (+2).
   It affects your magic capacity (+9).
 c - a +0 kite shield
 f - a +0 pair of gloves of dexterity (worn)
 g - a +1 tower shield (worn)
 y - a +1 cloak of stealth (worn)
 D - a +1 chain mail of poison resistance
Jewellery
 q - a ring of positive energy (left hand)
 z - a ring of protection from cold (right hand)
 A - an uncursed ring of positive energy
 B - an uncursed ring of protection from magic
Wands
 j - a wand of iceblast (2)
Scrolls
 l - 5 scrolls of remove curse
 m - 5 scrolls of amnesia
 n - a scroll of summoning
 t - a scroll of fear
 v - a scroll of identify
Potions
 d - 2 potions of might
 e - 10 potions of curing
 h - 3 potions of magic
 k - 2 potions of invisibility
 r - 2 potions of stabbing
 s - 2 potions of resistance
 w - a potion of brilliance
 x - a potion of mutation
Miscellaneous
 C - a condenser vane (2/2)


   Skills:
 + Level 19.6 Fighting
 + Level 12.6 Long Blades
 - Level 18.1 Axes
 + Level 19.6 Armour
 + Level 18.1 Dodging
 + Level 21.0 Shields
 + Level 16.7 Invocations


You had 13 spell levels left.
You didn't know any spells.
Your spell library contained the following spells:

 Spells                   Type           Power        Failure   Level
 Ignite Poison            Fire/Tmut/Pois #.......     71%         3
 Inner Flame              Hex/Fire       #.......     71%         3
 Cause Fear               Hex            #.........   98%         4
 Leda's Liquefaction      Hex/Erth       #.........   98%         4
 Sticky Flame             Conj/Fire      #.......     98%         4
 Bolt of Magma            Conj/Fire/Erth #.........   100%        5
 Silence                  Hex/Air        #.........   100%        5
 Yara's Violent Unravell  Hex/Tmut       #.........   100%        5
 Iron Shot                Conj/Erth      #.........   100%        6
 Statue Form              Tmut/Erth      #........    100%        6
 Discord                  Hex            #.........   100%        8
 Shatter                  Erth           #.........   100%        9


Dungeon Overview and Level Annotations

Branches:
Dungeon (1/1)

Altars:
Ashenzari
Cheibriados
Dithmenos
Elyvilon
Fedhas
Gozag
Hepliaklqana
Kikubaaqudgha
Makhleb
Nemelex Xobeh
Okawaru
Qazlal
Ru
Sif Muna
Trog
Uskayaw
Vehumet
Wu Jian
Xom
Yredelemnul
Zin
The Shining One
Beogh
Jiyva
Lugonu

Annotations:
D Aizul


Innate Abilities, Weirdness & Mutations

You reflexively headbutt those who attack you in melee.
You have a pair of horns on your head.


Message History

You can feel time thicken for a moment.
Aizul coils herself and waves her upper body at you.
The bolt of poison hits you!!
You are poisoned.
* * * LOW HITPOINT WARNING * * *
The daeva calls down the wrath of the Shining One upon you.
The Shining One smites you!
* * * LOW HITPOINT WARNING * * *
Aizul coils herself and waves her upper body at you.
The bolt of poison hits you!
You are more poisoned.
* * * LOW HITPOINT WARNING * * *
You can feel time thicken for a moment.
You kill the ice devil!
Cheibriados appreciates the change of pace.
* * * LOW HITPOINT WARNING * * *
You feel sick.
The daeva calls down the wrath of the Shining One upon you.
The Shining One smites you!
You die...

####### #### .......
#..# .)p... #..# #†.).
#..# #.... #..#
..###..###@.#
........D.).#
##..........#
...A...S)...#
..###..###..######++####
. #.... #..##..........#
#.... #..##..........#
...... #..')†.#....#..#
...... #..''..........#


You could see Aizul, a daeva and an iron dragon.

Vanquished Creatures
  Saint Roka (D)
  A bone dragon (D)
  A deep elf blademaster (D)
  An Executioner (D)
  Frances (D)
  3 death cobs (D)
  Kirke (D)
  2 orc warlords (D)
  A spriggan defender (D)
  A blizzard demon (D)
  An eidolon (D)
  A deep elf death mage (D)
  Erolcha (D)
  3 vault guards (D)
  5 naga warriors (D)
  A hydra (D)
  An alligator snapping turtle (D)
  A merfolk avatar (D)
  2 anacondas (D)
  2 death yaks (D)
  6 hell hogs (D)
  A sun demon (D)
  2 soul eaters (D)
  2 fire crabs (D)
  A sixfirhy (D)
  An unseen horror (D)
  2 wizards (D)
  2 spriggan druids (D)
  4 lindwurms (D)
  A flayed ghost (D)
  A swamp dragon (D)
  2 phantasmal warriors (D)
  10 orc knights (D)
  A deep elf mage (D)
  An ugly thing (D)
  An orc sorcerer (D)
  Maurice (D)
  A cane toad (D)
  2 molten gargoyles (D)
  2 gargoyles (D)
  A komodo dragon (D)
  A hellion (D)
  A kobold demonologist (D)
  4 ice devils (D)
  A hellwing (D)
  A guardian mummy (D)
  A wind drake (D)
  A red devil (D)
  A jumping spider (D)
  A tyrant leech (D)
  2 hornets (D)
  3 blink frogs (D)
  A snapping turtle (D)
  A flying skull (D)
  3 spriggans (D)
  A ynoxinul (D)
  A wyvern (D)
  2 shadows (D)
  An air elemental (D)
  A wraith (D)
  2 redbacks (D)
  A vampire (D)
  Grum (D)
  9 yaks (D)
  A fire elemental (D)
  2 chaos spawn (D)
  3 hogs (D)
  3 basilisks (D)
  4 vampire mosquitoes (D)
  A steam dragon (D)
  2 wargs (D)
  2 floating eyes (D)
  A swamp drake (D)
  5 orc warriors (D)
  2 ogres (D)
  11 wolves (D)
  2 centaurs (D)
  2 big kobolds (D)
  An earth elemental (D)
  A scorpion (D)
  4 wights (D)
  A crimson imp (D)
  A hound (D)
  A jelly (D)
  An orc priest (D)
  Crazy Yiuf (D)
  2 iguanas (D)
  4 orc wizards (D)
  A hell rat (D)
  3 worker ants (D)
  A mummy (D)
  A gnoll (D)
  An adder (D)
  An ufetubus (D)
  A leopard gecko (D)
  6 orcs (D)
  A bat (D)
  A bat zombie (D)
  A giant cockroach (D)
  A ball python (D)
  A bat simulacrum (D)
  6 kobolds (D)
201 creatures vanquished.

Vanquished Creatures (others)
  A human (D)
  An orc (D)
2 creatures vanquished.

Grand Total: 203 creatures vanquished

Notes
Turn   | Place    | Note
-------+----------+-------------------------------------------
     0 | D        | rocky1 the Minotaur Fighter began the quest for the Orb.
     0 | D        | Reached XP level 1. HP: 19/19 MP: 0/0
    21 | D        | Reached skill level 5 in Shields
    21 | D        | Reached XP level 2. HP: 26/26 MP: 1/1
    27 | D        | Found a bloodstained altar of Trog.
    27 | D        | Found a shimmering blue altar of Sif Muna.
    27 | D        | Found a viscous altar of Jiyva.
    27 | D        | Found a hazy altar of Hepliaklqana.
    27 | D        | Found an opulent altar of Gozag.
    28 | D        | Found a glowing golden altar of the Shining One.
    28 | D        | Found a glowing silver altar of Zin.
    28 | D        | Found a basalt altar of Yredelemnul.
    28 | D        | Found a shimmering altar of Xom.
    28 | D        | Found an ornate altar of the Wu Jian Council.
    28 | D        | Found a sacrificial altar of Ru.
    28 | D        | Found a stormy altar of Qazlal.
    28 | D        | Found an iron altar of Okawaru.
    28 | D        | Found a sparkling altar of Nemelex Xobeh.
    28 | D        | Found a burning altar of Makhleb.
    28 | D        | Found a blossoming altar of Fedhas.
    28 | D        | Found a white marble altar of Elyvilon.
    28 | D        | Found a shadowy altar of Dithmenos.
    28 | D        | Found a snail-covered altar of Cheibriados.
    30 | D        | Found a radiant altar of Vehumet.
    30 | D        | Found a corrupted altar of Lugonu.
    30 | D        | Found a roughly hewn altar of Beogh.
    31 | D        | Found a hide-covered altar of Uskayaw.
    31 | D        | Found an ancient bone altar of Kikubaaqudgha.
    31 | D        | Found a broken altar of Ashenzari.
    39 | D        | Became a worshipper of Cheibriados the Contemplative
    94 | D        | Reached * piety under Cheibriados
    94 | D        | Reached skill level 5 in Axes
    94 | D        | Reached skill level 6 in Shields
    94 | D        | Reached XP level 3. HP: 27/31 MP: 2/2
   127 | D        | Noticed a floating eye
   128 | D        | Paralysed by a floating eye for 3 turns
   133 | D        | Paralysed by a floating eye for 4 turns
   138 | D        | Reached skill level 7 in Shields
   139 | D        | Killed a floating eye
   139 | D        | Reached ** piety under Cheibriados
   139 | D        | Reached skill level 9 in Shields
   139 | D        | Reached XP level 4. HP: 30/39 MP: 3/3
   139 | D        | Reached XP level 5. HP: 35/45 MP: 4/4
   260 | D        | Reached skill level 10 in Shields
   261 | D        | Reached *** piety under Cheibriados
   262 | D        | Reached skill level 10 in Axes
   266 | D        | Reached **** piety under Cheibriados
   395 | D        | Noticed a flying skull
   398 | D        | Noticed Crazy Yiuf
   401 | D        | Reached skill level 1 in Dodging
   401 | D        | Reached skill level 1 in Invocations
   404 | D        | Reached XP level 6. HP: 36/53 MP: 4/6
   409 | D        | Reached ***** piety under Cheibriados
   409 | D        | Reached skill level 11 in Shields
   413 | D        | Reached skill level 5 in Fighting
   413 | D        | Reached skill level 5 in Armour
   419 | D        | Killed a flying skull
   419 | D        | Reached XP level 7. HP: 45/62 MP: 5/8
   435 | D        | Killed Crazy Yiuf
   494 | D        | Noticed a ynoxinul
   500 | D        | Killed a ynoxinul
   500 | D        | Reached skill level 5 in Dodging
   603 | D        | Reached ****** piety under Cheibriados
   661 | D        | Noticed a molten gargoyle
   664 | D        | Reached skill level 12 in Shields
   664 | D        | Reached skill level 5 in Invocations
   664 | D        | Reached XP level 8. HP: 69/73 MP: 10/10
   678 | D        | Killed a molten gargoyle
   832 | D        | Found the +7 great mace "Firestarter" {inner flame, rF++}
   948 | D        | Noticed a blink frog
   948 | D        | Noticed a blink frog
   949 | D        | Noticed a blink frog
   949 | D        | Noticed a gargoyle
   954 | D        | Killed a blink frog
   955 | D        | Killed a blink frog
   956 | D        | Killed a gargoyle
   956 | D        | Reached XP level 9. HP: 68/83 MP: 11/13
   957 | D        | Reached skill level 13 in Shields
  1021 | D        | Noticed a hell hog
  1021 | D        | Noticed a hell hog
  1021 | D        | Noticed a red devil
  1021 | D        | Noticed a hell hog
  1025 | D        | Killed a hell hog
  1025 | D        | Reached skill level 10 in Fighting
  1025 | D        | Reached skill level 10 in Armour
  1027 | D        | Killed a hell hog
  1030 | D        | Killed a hell hog
  1030 | D        | Reached XP level 10. HP: 20/94 MP: 13/15
  1037 | D        | Reached skill level 14 in Shields
  1290 | D        | Noticed a molten gargoyle
  1294 | D        | Killed a molten gargoyle
  1350 | D        | Noticed a fire crab
  1359 | D        | Killed a fire crab
  1359 | D        | Reached skill level 10 in Dodging
  1676 | D        | Noticed a lindwurm
  1684 | D        | Killed a lindwurm
  1800 | D        | Noticed a death yak
  1800 | D        | Noticed a phantasmal warrior
  1809 | D        | Killed a death yak
  1809 | D        | Reached skill level 15 in Shields
  1809 | D        | Reached skill level 10 in Invocations
  1809 | D        | Reached XP level 11. HP: 97/105 MP: 17/17
  1810 | D        | Killed a phantasmal warrior
  1810 | D        | Reached skill level 15 in Axes
  1974 | D        | Killed an unseen horror
  1981 | D        | Noticed Grum
  1981 | D        | Noticed a flayed ghost
  1994 | D        | Killed Grum
  1996 | D        | Killed a flayed ghost
  2436 | D        | Noticed a sixfirhy
  2439 | D        | Killed a sixfirhy
  2439 | D        | Reached skill level 16 in Shields
  2485 | D        | Noticed Maurice
  2500 | D        | Killed Maurice
  2538 | D        | Noticed Erolcha
  2543 | D        | Noticed a swamp dragon
  2553 | D        | Killed a swamp dragon
  2553 | D        | Paralysed by Erolcha for 5 turns
  2559 | D        | Killed Erolcha
  2563 | D        | Noticed a phantasmal warrior
  2569 | D        | Killed a phantasmal warrior
  2569 | D        | Reached XP level 12. HP: 93/117 MP: 19/19
  3152 | D        | Noticed an anaconda
  3154 | D        | Killed an anaconda
  3155 | D        | Noticed an alligator snapping turtle
  3190 | D        | HP: 5/118 [alligator snapping turtle (37)]
  3200 | D        | Killed an alligator snapping turtle
  3200 | D        | Reached skill level 17 in Shields
  3202 | D        | Noticed a death cob
  3207 | D        | Killed a death cob
  3207 | D        | Reached skill level 15 in Fighting
  3207 | D        | Reached skill level 15 in Armour
  3268 | D        | Noticed a blizzard demon
  3284 | D        | Killed a blizzard demon
  3309 | D        | Noticed a spriggan defender
  3318 | D        | Killed a spriggan defender
  3360 | D        | Noticed a seven-headed hydra
  3368 | D        | Killed a three-headed hydra
  3489 | D        | Noticed a death yak
  3493 | D        | Killed a death yak
  3493 | D        | Reached XP level 13. HP: 73/128 MP: 22/22
  3676 | D        | Reached skill level 18 in Shields
  3840 | D        | Got Wuamp's Handbook of the Volcanoes
  3925 | D        | Noticed Kirke
  3934 | D        | Killed Kirke
  3949 | D        | Got the +8 falchion of Baas {freeze, Str+4}
  4038 | D        | Noticed an orc warlord
  4038 | D        | Noticed an orc warlord
  4049 | D        | Reached skill level 1 in Long Blades
  4050 | D        | Reached skill level 15 in Dodging
  4054 | D        | Killed an orc warlord
  4072 | D        | Killed an orc warlord
  4072 | D        | Reached skill level 5 in Long Blades
  4402 | D        | Reached skill level 19 in Shields
  4492 | D        | Noticed Saint Roka
  4554 | D        | Killed Saint Roka
  4554 | D        | Reached skill level 15 in Invocations
  4554 | D        | Reached XP level 14. HP: 42/141 MP: 24/24
  5000 | D        | Got the +3 ring mail of Forking Paths {MP+9 Slay+2}
  5101 | D        | Noticed a deep elf blademaster
  5107 | D        | Killed a deep elf blademaster
  5131 | D        | Reached skill level 10 in Long Blades
  5373 | D        | Reached skill level 20 in Shields
  5460 | D        | Noticed a bone dragon
  5481 | D        | Killed a bone dragon
  5618 | D        | Noticed a death cob
  5623 | D        | Killed a death cob
  5623 | D        | Noticed Frances
  5630 | D        | Noticed a death cob
  5631 | D        | Killed Frances
  5632 | D        | Killed a death cob
  5637 | D        | Noticed an Executioner
  5639 | D        | Noticed an iron dragon
  5640 | D        | Noticed Aizul
  5644 | D        | Noticed a daeva
  5645 | D        | Killed an Executioner
  5645 | D        | Reached skill level 21 in Shields
  5647 | D        | Killed from afar by a daeva

Illustrated notes

Levels and vault maps discovered:
D:        pitsprint [storerooms_1, entrance_room_1, metal_vault_8, armoury_2,
          mini_pit_1, grid_room_1, main_hall_1, silver_pit, the_coven_1,
          the_vestibule_1, steel_vault_5, golden_pit, hallway_of_sentries,
          crystal_vault_3, iron_vault_1, final_vault]

Skill      XL: |  1  2  3  4  5  6  7  8  9 10 11 12 13 14 |
---------------+-------------------------------------------+-----
Axes           | 4 5 9 10 11 12 13 14 16 17 18 | 18.1
Shields        | 5 6 9 10 11 12 13 15 16 17 19 21 | 21.0
Fighting       | 4 5 7 9 10 12 14 16 17 19 | 19.6
Armour         | 4 6 7 9 10 12 14 15 17 19 | 19.6
Dodging        | 2 4 5 7 9 10 12 14 16 18 | 18.1
Invocations    | 1 3 5 6 8 10 11 13 15 16 | 16.7
Long Blades    | 8 12 | 12.6

Action                   |  1- 3 |  4- 6 |  7- 9 | 10-12 | 13-15 || total
-------------------------+-------+-------+-------+-------+-------++-------
Melee: War axe           |    18 |    21 |    40 |       |       ||    79
       Headbutt          |     3 |     6 |    19 |    91 |    71 ||   190
       Broad axe         |       |       |    15 |   225 |   180 ||   420
       Scimitar          |       |       |       |     5 |       ||     5
Invok: Slouch            |       |       |       |     4 |    12 ||    16
  Use: Potion            |     1 |       |       |     7 |     7 ||    15
       Scroll            |       |       |       |       |     6 ||     6
Armor: Scale mail        |     4 |     5 |     4 |    38 |     2 ||    53
       Chain mail        |       |     3 |     5 |       |    12 ||    20
       Ring mail         |       |       |       |       |     7 ||     7
Dodge: Dodged            |     5 |     9 |    25 |   140 |   106 ||   285
Block: Kite shield       |    11 |    21 |    66 |   208 |    81 ||   387
       Tower shield      |       |       |       |       |   101 ||   101
       Rpst.: Scimitar   |       |       |       |     1 |       ||     1

Table legend: (Time is in decaauts)
 A = Elapsed time spent in this place.
 B = Non-inter-level travel time spent in this place.
 C = Inter-level travel time spent in this place.
 D = Time resting spent in this place.
 E = Time spent auto-exploring this place.
 F = Levels seen in this place.
 G = Mean time per level.
                   A        B        C        D        E       F      G
               +--------+--------+--------+--------+--------+-----+--------+
         Total |   6898 |   6898 |      0 |   3459 |      0 |   1 | 6898.0 |
       Dungeon |   6898 |   6898 |      0 |   3459 |      0 |   1 | 6898.0 |
               +--------+--------+--------+--------+--------+-----+--------+

Top non-repeatable levels by time:
       D: 6898 daAuts
